 Dungeon Crawl Stone Soup version 0.19.5 (webtiles) character file.

88 miragecloak the Changer (level 4, 11/19 HPs)
             Began as a Felid Transmuter on May 5, 2017.
             Quit the game on level 2 of the Dungeon.
             The game lasted 00:02:34 (1527 turns).

miragecloak the Changer (Felid Transmuter)          Turns: 1527, Time: 00:02:35

Health: 11/19      AC:  2    Str:  6    XL:     4   Next: 29%
Magic:  2/8        EV: 26    Int: 14    God:
Gold:   42         SH:  0    Dex: 27    Spells: 2 memorised, 3 levels left
                                        Lives:  1   Deaths: 0

rFire  . . .     SeeInvis +       - Unarmed
rCold  . . .     Gourm    .     (armour unavailable)
rNeg   . . .     Faith    .     (shield unavailable)
rPois  x         Spirit   .     (helmet unavailable)
rElec  .         Reflect  .     (cloak unavailable)
rCorr  .         Harm     .     (gloves unavailable)
MR     .....                    (boots unavailable)
Stlth  +++.......               (no amulet)
                                (no ring)
                                (no ring)

@: agile, lethally poisoned (11 -> -6), spider-form (expiring), very slightly
contaminated, hasted, very quick
A: no armour, no weapons or thrown items, stealth, (claws 0), (fangs 0), see
invisible, carnivore 3, (speed 0), (shaggy fur 0), slow metabolism 1, (sharp
paws)
a: End Transformation


You were on level 2 of the Dungeon.
You were full.
You were a venomous arachnid creature.
You visited 1 branch of the dungeon, and saw 3 of its levels.

You collected 42 gold pieces.

Inventory:

Missiles
 a - 12 arrows
Wands
 j - a wand of disintegration (9/24)
Scrolls
 d - a scroll of enchant weapon {unknown}
 g - 2 scrolls of teleportation {unknown}
 h - a scroll of identify {unknown}
 i - a scroll of enchant armour {unknown}
Books
 b - a book of Changes

   Spells                             Type                      Level
   a - Beastly Appendage              Transmutation                1
   b - Sticks to Snakes               Transmutation                2
   c - Spider Form                    Transmutation/Poison         3
   d - Ice Form                       Ice/Transmutation            4
   e - Blade Hands                    Transmutation                5
Comestibles
 c - a meat ration


   Skills:
 - Level 1.0 Fighting
 - Level 2.6 Dodging
 - Level 3.0 Unarmed Combat
 - Level 2.0 Spellcasting
 - Level 4.2 Transmutations
 + Level 1.9 Poison Magic


You had 3 spell levels left.
You knew the following spells:

 Your Spells              Type           Power        Failure   Level  Hunger
a - Beastly Appendage     Tmut           ##....       14%         1    ##.....
b - Spider Form           Tmut/Pois      ##........   41%         3    ####...


Dungeon Overview and Level Annotations

Branches:
Dungeon (3/15)

Altars:

Annotations:
D:2 Ijyb, Terence


Innate Abilities, Weirdness & Mutations

You cannot wear armour.
You are incapable of wielding weapons or throwing items.
Your paws allow you to move quietly. (Stealth)
((You have sharp claws.))
((You have razor-sharp teeth.))
You have supernaturally acute eyesight. (SInv)
You are carnivorous and can eat meat at any time.
((You cover ground quickly.))
((You are covered in fur. (AC +1)))
You have a slow metabolism.
((Your sharp claws are effective at attacking unaware monsters.))


Message History

You feel sick.
There is a stone staircase leading up here.
There is a lethal amount of poison in your body!
There is a lethal amount of poison in your body!
It was a potion of heal wounds.
You feel much better.
You feel sick.
There is a lethal amount of poison in your body!
There is a lethal amount of poison in your body!
There is a lethal amount of poison in your body!
There is a lethal amount of poison in your body!
You feel sick.
You climb upwards.
Level annotation: Ijyb, Terence You feel sick.
There is a stone staircase leading down here.
It was a potion of agility.
You feel agile all of a sudden.
Your transformation is almost over.
You feel sick.
It was a potion of haste.
You feel yourself speed up.
You feel sick.
You are very lightly contaminated with residual magic.
Are you sure you want to abandon this character and quit the game? (Confirm with "yes".)

########.######.#.#
.# #...# .# #.###
.# #.# .# #.# .#
#.# #.# ##.######.#
#....s....#
#..######.# ... #.#
. #.# ..# ###


There were no monsters in sight!

Vanquished Creatures
  The ghost of miragecloak the Changer, a weakling FeTm (D:3)
  A worker ant (D:3)
  2 dart slugs (D:1)
  2 leopard geckos
  An orc (D:3)
  3 bats
  2 giant cockroaches
  4 goblins
  2 hobgoblins (D:1)
  6 frilled lizards
  6 kobolds
  2 rats
32 creatures vanquished.

Notes
Turn   | Place    | Note
-------+----------+-------------------------------------------
     0 | D:1      | miragecloak the Felid Transmuter began the quest for the Orb.
     0 | D:1      | Reached XP level 1. HP: 9/9 MP: 4/4
    53 | D:1      | Reached skill level 3 in Transmutations
   434 | D:1      | Reached XP level 2. HP: 12/12 MP: 6/6
   945 | D:2      | Noticed Terence
  1084 | D:2      | Noticed Ijyb
  1182 | D:2      | Reached XP level 3. HP: 15/15 MP: 5/7
  1187 | D:2      | Learned a level 3 spell: Spider Form
  1280 | D:3      | Noticed miragecloak's ghost (weakling FeTm)
  1336 | D:3      | Killed miragecloak's ghost
  1336 | D:3      | Reached skill level 4 in Transmutations
  1336 | D:3      | Reached skill level 1 in Poison Magic
  1481 | D:3      | Reached XP level 4. HP: 19/19 MP: 1/8
  1527 | D:2      | Quit the game

Skill      XL: |  1  2  3 |
---------------+----------+-----
Transmutations | 3 4 |  4.2
Poison Magic   | 1 |  1.9
Fighting       | |  1.0
Dodging        | |  2.6
Unarmed Combat | |  3.0
Spellcasting   | |  2.0

Action                   |  1- 3 |  4- 6 || total
-------------------------+-------+-------++-------
Melee: Unarmed           |    71 |     3 ||    74
       Headbutt          |     5 |       ||     5
       Bite              |     4 |       ||     4
       Punch             |     3 |       ||     3
 Cast: Beastly Appendage |    18 |       ||    18
       Spider Form       |     4 |     1 ||     5
  Use: Potion            |       |     3 ||     3
 Stab: Sleeping          |     2 |       ||     2
  Eat: Chunk             |     6 |       ||     6
Armor: Skin              |     4 |     1 ||     5
Dodge: Dodged            |    62 |     1 ||    63
